[Event "7° Rencontres Internationales des Echecs Francophones"]
[Site "PARIS, France"]
[Date "2019.08.10"]
[Round "3.6"]
[White "Leconte, Maria"]
[Black "Ider, Borya"]
[Result "0-1"]
[TimeControl "90'+30' + 30seconds/move"]
[WhiteElo "2201"]
[BlackElo "2492"]

1. e4 e6 2. d4 d5 3. Nc3 Bb4 4. e5 c5 5. a3 Bxc3+ 6. bxc3 Qa5 7. Bd2 Qa4 8. Nf3 Nc6 9. Be2 c4 10. O-O Nge7 11.
Ng5 h6 12. Nh3 Bd7 13. f4 O-O-O 14. Qb1 Rdf8 15. Nf2 f6 16. Nd1 Nf5 17.
Ne3 Nce7 18. Qb4 Qxb4 19. axb4 a6 20. Nxf5 Nxf5 21. Bg4 Ne7 22. Rfe1 f5 23. Bf3 Rfg8 24. h4 Kc7 25. Kf2 Ra8 26.
Ra2 b6 27. Rea1 Bb5 28. Rb1 Bd7 29. Rba1 Kb7 30. g3 Nc6 31.
Bc1 Ra7 32. Ba3 Rha8 33. Rb1 b5 34. Rab2 Nd8 35. Bh5 Nc6 36. Rg1 Rf8 37. Ke3 Ne7 38. Bf3 Kc6 39. h5 Rf7 40. Be2 Ra8 41.
Rbb1 Rg8 42. Ra1 Kb6 43. Bc1 Nc6 44. Bd2 Be8 45. Rh1 Ra7 46. Bc1 Bf7 47. Bd2 Rga8 48. Bc1 a5 49. bxa5+ Rxa5 50. Rb1 Ra2 51. Bd1 R8a4 52.
Rg1 Ra1 53. Rxa1 Rxa1 54. Kd2 b4 55.
Bb2 Rb1 56. cxb4 Rxb2 57. g4 fxg4 58. Rxg4 Bxh5 59. Rxg7 Bxd1 60. Kxd1 Nxd4 61. c3 Nb5 62. f5 exf5 63. e6 Nxc3+ 64. Kc1 Re2 0-1

[Event "7° Rencontres Internationales des Echecs Francophones"]
[Site "PARIS, France"]
[Date "2019.08.10"]
[Round "3.3"]
[White "David, Alberto"]
[Black "Delorme, Alban"]
[Result "1-0"]
[TimeControl "90'+30' + 30seconds/move"]
[WhiteElo "2554"]
[BlackElo "2227"]

1. e4 c5 2. Nf3 d6 3. Bb5+ Nc6 4. O-O Bd7 5. Re1 Nf6 6.
h3 a6 7.
Bf1 g6 8. c3 Bg7 9. d4 cxd4 10.
cxd4 d5 11. e5 Ne4 12. Nbd2 Nxd2 13. Bxd2 O-O 14. Bd3 Qb6 15. Bc3 Na5 16. Ng5 e6 17. h4 Rac8 18. h5 Nc4 19. Rb1 Qd8 20.
Qg4 f5 21. exf6 Qxf6 22. Re2 Rce8 23. hxg6 hxg6 24. Qh4 Rf7 25. Qh7+ Kf8 26. Bb4+ Rfe7 27. Qxg6 Qxd4 28. Qf7# 1-0

[Event "7° Rencontres Internationales des Echecs Francophones"]
[Site "PARIS, France"]
[Date "2019.08.10"]
[Round "3.9"]
[White "Sochacki, Christophe"]
[Black "Daurelle, Herve"]
[Result "1-0"]
[TimeControl "90'+30' + 30seconds/move"]
[WhiteElo "2443"]
[BlackElo "2179"]

1. b3 e5 2. Bb2 Nc6 3. e3 Nf6 4. Bb5 Bd6 5. Na3 e4 6. Nc4 Be7 7. Bxc6 dxc6 8. Ne2 Bg4 9. h3 Bh5 10. d4 Bb4+ 11. c3 Bd6 12. Nxd6+ cxd6 13. c4 O-O 14. g4 Bg6 15. Nf4 d5 16. h4 h5 17. gxh5 Bf5 18. Rg1 Kh7 19. Rg5 Qd7 20. Qc2 Ng4 21. Ba3 Rh8 22. f3 Nxe3 23. Qd2 exf3 24. Kf2 Ng4+ 25. Kxf3 f6 26.
Rg6 Bxg6 27. hxg6+ Kg8 28. h5 Ne5+ 29. dxe5 fxe5 30. cxd5 exf4 31. Rh1 Qxd5+ 32. Qxd5+ cxd5 33. Kxf4 Re8 34. Bd6 Re6 35. Rc1 Re8 36. Kg5 d4 37. Kg4 d3 38. Rd1 Re4+ 39. Kg5 Rd4 40. Be5 Rd5 41. Bd6 Rd4 42. Re1 1-0



[ePGN "0.1;DGT LiveChess/2.2.4"]

[Event "7° Rencontres Internationales des Echecs Francophones"]
[Site "PARIS, France"]
[Date "2019.08.10"]
[Round "4.9"]
[White "Prie, Eric"]
[Black "Denjoy, Arnaud"]
[Result "1/2-1/2"]
[TimeControl "90'+30' + 30seconds/move"]
[WhiteElo "2439"]
[BlackElo "2036"]

1. d4 e6 2. Nf3 Nf6 3. Bf4 c5 4.
c3 Nc6 5. e3 d5 6. Nbd2 Bd6 7. Bg3 O-O 8. Bd3 b6 9. Qe2 Bb7 10. Rd1 h6 11. e4 Bxg3 12. hxg3 cxd4 13. cxd4 dxe4 14. Nxe4 Nb4 15. Nxf6+ Qxf6 16. Be4 Bxe4 17. Qxe4 Rac8 18. a3 Nd5 19. g4 Qf4 20. Qxf4 Nxf4 21.
g3 Nd5 22. Kd2 Rc7 23. Rc1 Rfc8 24.
Rxc7 Rxc7 25. g5 hxg5 26. Nxg5 b5 27. Ne4 Nf6 28. Nxf6+ gxf6 29. Rc1 Rd7 30. Ke3 Kf8 31. Rc8+ Ke7 32.
Rb8 a6 33. g4 Rc7 34. Rb6 Rc2 35. Rxa6 Rxb2 36. f3 b4 37. axb4 Rxb4 38. Ke4 Rb5 39. Ra1 1/2-1/2

[Event "7° Rencontres Internationales des Echecs Francophones"]
[Site "PARIS, France"]
[Date "2019.08.10"]
[Round "4.1"]
[White "Aloma Vidal, Robert"]
[Black "Moussard, Jules"]
[Result "1/2-1/2"]
[TimeControl "90'+30' + 30seconds/move"]
[WhiteElo "2417"]
[BlackElo "2613"]

1. d4 d6 2. e4 Nf6 3. Nc3 g6 4. Bg5 c6 5. Qd2 Nbd7 6. O-O-O Qa5 7. Nf3 b5 8.
e5 b4 9.
exf6 bxc3 10. Qxc3 Qxc3 11. bxc3 Nxf6 12. Bxf6 exf6 13. d5 c5 14. Bb5+ Kd8 15. Rhe1 Bh6+ 16. Nd2 Rb8 17. Bc6 f5 18. g3 f4 19. Re4 Bb7 20. gxf4 Bxc6 21. dxc6 Kc7 22. Nc4 Rhd8 23. Re7+ Kxc6 24. Rxf7 d5 25. Ne5+ Kd6 26. Ng4 Bf8 27. Rxh7 Ke6 28. f3 d4 29. c4 Rb4 30. Re1+ Kd6 31. Ne5 Rdb8 32. Kd2 a5 33. Rd7+ Ke6 34. Rd5 Rxc4 35. Nxc4+ Kxd5 36. Kd3 Bd6 37. Nxd6 Kxd6 38. Rg1 Rh8 39. Rxg6+ Ke7 40. Rc6 Rh5 41. a4 Kd7 42. Ra6 Rxh2 43. Rxa5 Kc6 44. Ra8 Rf2 45. Rc8+ Kd6 46. Rd8+ Kc6 47. c4 dxc3 48. Kxc3 Rxf3+ 49. Kc2 Rxf4 50. a5 Ra4 51. Ra8 Kb5 52. Kb3 c4+ 53. Kc3 Ra3+ 54. Kc2 Ra2+ 55. Kc3 Ra3+ 56. Kc2 Kb4 57. Rb8+ Kxa5 58. Ra8+ Kb4 59. Rxa3 Kxa3 60. Kc3 1/2-1/2

[Event "7° Rencontres Internationales des Echecs Francophones"]
[Site "PARIS, France"]
[Date "2019.08.10"]
[Round "4.2"]
[White "Gurevich, Mikhail"]
[Black "Rakotomaharo, Fy Antenaina"]
[Result "1-0"]
[TimeControl "90'+30' + 30seconds/move"]
[WhiteElo "2559"]
[BlackElo "2364"]

1. c4 Nf6 2. Nc3 d5 3.
cxd5 Nxd5 4. g3 g6 5. Bg2 Nb6 6. d3 Bg7 7. Be3 Nc6 8. Nf3 O-O 9. Qc1 Re8 10. O-O a5 11. Bh6 Bh8 12. Rd1 e5 13. Bg5 f6 14. Be3 f5 15. Bxb6 cxb6 16. e3 Be6 17. d4 exd4 18. Nxd4 Nxd4 19. exd4 Qd7 20. Qf4 b5 21. d5 Bf7 22. d6 Be5 23. Qh4 b4 24. Nd5 Qxd6 25. Rac1 Rad8 26. b3 Kg7 27.
Bf3 Bf6 28. Qc4 Re5 29. Qc7 Rd7 30. Qxd6 Rxd6 31. Rc7 Bd8 32.
Rxb7 Kg8 33. Nf6+ Rxf6 34. Rxd8+ Kg7 35. Bd5 g5 36. Rdd7 Rxd5 37. Rxd5 Kg6 38. Rxa5 Rd6 39. f3 Bd5 40. Rxb4 Bxf3 41. Kf2 g4 42. Ke3 Kg5 43. h4+ Kf6 44. Rab5 Ke7 45. Rxf5 Re6+ 46. Kf4 Re2 47. Re5+ 1-0

[Event "7° Rencontres Internationales des Echecs Francophones"]
[Site "PARIS, France"]
[Date "2019.08.10"]
[Round "4.10"]
[White "Vedmediuc, Serghei"]
[Black "Ternault, Mathieu"]
[Result "0-1"]
[TimeControl "90'+30' + 30seconds/move"]
[WhiteElo "2469"]
[BlackElo "2158"]

1. e4 Nc6 2. Nf3 d6 3. d4 Nf6 4. c3 g6 5. Bd3 Bg7 6. O-O O-O 7. Re1 e5 8.
d5 Ne7 9. c4 a5 10. Nc3 b6 11. a3 h6 12.
Rb1 Nh7 13. b4 axb4 14. axb4 f5 15. c5 f4 16. Qc2 Bd7 17. Bd2 g5 18. Rec1 Ng6 19. cxd6 cxd6 20. Nb5 g4 21. Ne1 Bxb5 22. Bxb5 Qh4 23. Qc7 Ra2 24. Rc2 Rxc2 25. Qxc2 Ng5 26. Rb3 Ra8 27. Qb1 f3 28. Bxg5 Qxg5 29. g3 h5 30. Bc6 Ra7 31. Rc3 Qd2 32. Qc1 Qd4 33. Ra3 Rxa3 34.
Qxa3 Qxe4 35. Qc1 Qxb4 36. Bd7 e4 37.
Bf5 Ne7 38. Be6+ Kh7 39. Nc2 Qc3 40. Qb1 Bd4 41. Nxd4 Qxd4 42. h3 h4 43. hxg4 hxg3 0-1

[Event "7° Rencontres Internationales des Echecs Francophones"]
[Site "PARIS, France"]
[Date "2019.08.10"]
[Round "4.3"]
[White "Dardha, Daniel"]
[Black "David, Alberto"]
[Result "1-0"]
[TimeControl "90'+30' + 30seconds/move"]
[WhiteElo "2390"]
[BlackElo "2554"]

1. Nf3 Nf6 2. g3 b6 3. Bg2 Bb7 4. O-O g6 5. b3 Bg7 6.
Bb2 O-O 7. c4 e6 8. d3 d6 9.
Nc3 Nbd7 10. Qc2 c5 11. Rad1 Rc8 12. Qb1 a6 13. d4 Qc7 14. e4 cxd4 15. Nxd4 Rfe8 16. Rfe1 Qb8 17. Rd2 Nc5 18. h3 h5 19. Kh2 h4 20.
Nde2 hxg3+ 21. Nxg3 Bh6 22. Rdd1 e5 23. Nd5 Bxd5 24. exd5 b5 25. Bf1 b4 26. Bc1 Bf4 27. Qb2 Kg7 28.
Be2 Rh8 29. Bxf4 exf4 30. Nf5+ gxf5 31.
Rg1+ Kf8 32. Qxf6 Rh7 33. Qxf5 Rg7 34. Rxg7 Kxg7 35. Bh5 Rc7 36. Qg5+ Kf8 37. Re1 1-0

[Event "7° Rencontres Internationales des Echecs Francophones"]
[Site "PARIS, France"]
[Date "2019.08.10"]
[Round "4.6"]
[White "Ider, Borya"]
[Black "Ralison, Milanto Harifidy"]
[Result "1-0"]
[TimeControl "90'+30' + 30seconds/move"]
[WhiteElo "2492"]
[BlackElo "2277"]

1. Nf3 Nf6 2. b3 a5 3. Bb2 a4 4. e3 e6 5. d4 Ne4 6. Bd3 d5 7. O-O Nd7 8. Bxe4 dxe4 9. Nfd2 f5 10.
f3 Qg5 11. fxe4 Qxe3+ 12. Kh1 Nf6 13.
exf5 b5 14. d5 Qh6 15. fxe6 Bd6 16. h3 O-O 17. Nc3 Bb7 18. Nde4 Be5 19. Ba3 Rfe8 20. Nxf6+ Bxf6 21. Nxb5 Bxa1 22.
Nxc7 Be5 23. Nxa8 Bxa8 24. c4 Qg5 25. Qf3 Qf6 26. Qe2 Qg5 27. Bc1 Qg3 28. Kg1 Bd4+ 29. Kh1 Be5 30. Kg1 Bd4+ 31. Rf2 Bxf2+ 32. Qxf2 Qxf2+ 33. Kxf2 Kf8 34. Ba3+ Kg8 35. d6 Rf8+ 36. Kg3 Bc6 37. d7 Ra8 38. Be7 axb3 39. axb3 g6 40. d8=Q+ Rxd8 41. Bxd8 Kf8 42. Bf6 Be4 43. b4 Bd3 44. c5 Bb5 45. Kf4 Bc4 46. Ke5 Ke8 47.
Kd6 Bf1 48. c6 Bxg2 49. b5 Bf3 50. b6 1-0

[Event "7° Rencontres Internationales des Echecs Francophones"]
[Site "PARIS, France"]
[Date "2019.08.10"]
[Round "4.7"]
[White "Leconte, Jean-Olivier"]
[Black "Chabanon, Jean-Luc"]
[Result "0-1"]
[TimeControl "90'+30' + 30seconds/move"]
[WhiteElo "2267"]
[BlackElo "2448"]

1. e4 Nf6 2. Nc3 d5 3. exd5 Nxd5 4. Bc4 e6 5. Nf3 Nb6 6. Bb3 c5 7. d3 Nc6 8.
a3 Be7 9. O-O O-O 10. Bf4 Bd7 11. Ne4 Nd4 12. Nxd4 cxd4 13. Re1 Bc6 14. Qh5 Bd5 15. Bg5 Bxg5 16. Nxg5 h6 17. Nf3 Bxb3 18.
cxb3 Rc8 19. Re4 Nd5 20. Rxd4 Rc2 21. h3 Rxb2 22. b4 Qf6 23. Qe5 Rc8 24. Rc4 Rd8 25. Rac1 Qxe5 26. Nxe5 f6 27.
Rc8 Rxc8 28. Rxc8+ Kh7 29. Nc4 Rb1+ 30. Kh2 Rb3 31.
Rb8 b6 32. Rb7 Rxd3 33. Nd6 a5 34. Ne8 Kg6 35. g4 Kg5 36. Rxg7+ Kh4 37. Rg6 Rxh3+ 38. Kg1 Rf3 39. Rxh6+ Kxg4 40. bxa5 bxa5 41. a4 Kg5 42. Rh8 Ra3 43. Nd6 Rxa4 44. Rg8+ Kf4 0-1

[Event "7° Rencontres Internationales des Echecs Francophones"]
[Site "PARIS, France"]
[Date "2019.08.10"]
[Round "4.5"]
[White "Sebag, Marie"]
[Black "Sochacki, Wojtek"]
[Result "1/2-1/2"]
[TimeControl "90'+30' + 30seconds/move"]
[WhiteElo "2494"]
[BlackElo "2303"]

1. e4 e5 2. Nf3 Nc6 3.
Nc3 Nf6 4. d4 exd4 5. Nxd4 Bb4 6.
Nxc6 bxc6 7. Bd3 d5 8. Bd2 O-O 9. O-O Bg4 10. f3 Bh5 11.
Qe1 Re8 12. Nxd5 cxd5 13. Bxb4 dxe4 14. fxe4 Nxe4 15. Bxe4 Qd4+ 16. Qf2 Qxf2+ 17. Rxf2 Rxe4 18. Bc5 a6 19. c3 Rd8 20. h3 Bg6 21.
Bd4 Rd5 22. b4 h5 23. a3 Re6 24. Rff1 Be4 25. Rae1 Rg5 26. Re2 f5 27. Rff2 Rg3 28. Kh2 Rd3 29. Rd2 Rxd2 30. Rxd2 Rd6 31. Be3 Rxd2 32. Bxd2 Kf7 33. Bf4 c6 34. a4 Kf6 35. h4 Ke6 36. a5 Kd5 37.
Kg3 Bc2 38. Kf3 Be4+ 39. Kg3 1/2-1/2

[Event "7° Rencontres Internationales des Echecs Francophones"]
[Site "PARIS, France"]
[Date "2019.08.10"]
[Round "4.4"]
[White "Vuilleumier, Alexandre"]
[Black "Hamdouchi, Hicham"]
[Result "0-1"]
[TimeControl "90'+30' + 30seconds/move"]
[WhiteElo "2324"]
[BlackElo "2514"]

1. Nf3 c5 2. e4 Nc6 3. Bb5 g6 4.
Bxc6 bxc6 5. O-O Bg7 6. c3 Nh6 7. d4 cxd4 8. cxd4 d6 9. Nc3 O-O 10. h3 Rb8 11.
b3 f5 12. e5 Nf7 13. Qe2 Qa5 14. exd6 Ba6 15. Qc2 Bxf1 16. dxe7 Rfe8 17. Kxf1 Rxe7 18. Bf4 Rbe8 19. Kg1 h6 20.
h4 Bf6 21. Rc1 g5 22. hxg5 hxg5 23. Bd2 Re6 24. Ne4 Qd5 25. Nxf6+ Rxf6 26. Nxg5 Rg6 27. f4 Re2 0-1



[ePGN "0.1;DGT LiveChess/2.2.4"]

[Event "7° Rencontres Internationales des Echecs Francophones"]
[Site "PARIS, France"]
[Date "2019.08.10"]
[Round "5.8"]
[White "Denjoy, Arnaud"]
[Black "Flom, Gabriel"]
[Result "0-1"]
[TimeControl "90'+30' + 30seconds/move"]
[WhiteElo "2036"]
[BlackElo "2355"]

1. b3 d5 2. Bb2 c6 3. Nf3 Bf5 4. e3 e6 5. d4 h6 6. Bd3 Nd7 7. O-O Ngf6 8. c4 Bxd3 9. Qxd3 Be7 10. Nc3 O-O 11. Rfe1 Bb4 12. a3 Bxc3 13. Bxc3 Qb6 14. b4 Qa6 15. Nd2 Nb6 16. b5 dxc4 17. bxa6 cxd3 18. axb7 Rab8 19. Bb4 Rfe8 20. Rac1 Rxb7 21. Rxc6 Nbd5 22. Rc4 Nxb4 23. Rxb4 Rxb4 24. axb4 Nd5 25. Ra1 Rc8 26. g3 Rc2 27. Nf3 d2 28. Nxd2 Rxd2 29. Rxa7 Nxb4 30. Kg2 Nd3 0-1

[Event "7° Rencontres Internationales des Echecs Francophones"]
[Site "PARIS, France"]
[Date "2019.08.10"]
[Round "5.2"]
[White "Hamdouchi, Hicham"]
[Black "Dardha, Daniel"]
[Result "1-0"]
[TimeControl "90'+30' + 30seconds/move"]
[WhiteElo "2514"]
[BlackElo "2390"]

1. e4 c5 2. Nc3 e5 3. Bc4 d6 4. Nge2 Nc6 5. O-O Be7 6.
d3 Nf6 7. a4 O-O 8. h3 Be6 9. f4 Bxc4 10. dxc4 exf4 11. Nxf4 Re8 12. Nd3 Qd7 13. b3 Bd8 14. Be3 Ba5 15.
Nd5 Nxd5 16. cxd5 Ne5 17. Nf2 Ng6 18. Qf3 f5 19. exf5 Nh4 20. Qg4 Nxf5 21. Bf4 Bc3 22. Rad1 Rf8 23. Ne4 Bd4+ 24. Kh1 Qe7 25.
Rfe1 Rae8 26. c3 Be5 27. Nxc5 Bxf4 28. Rxe7 Ng3+ 29. Kg1 Rxe7 30. Ne6 Rf6 31. Rd3 h5 32. Qd1 Be5 33. c4 Ref7 34. Rf3 Rxf3 35. gxf3 b6 36. b4 Nf5 37. Qd3 Nh4 38. Ng5 Rf5 39. f4 Bxf4 40.
Ne6 Be5 41. c5 bxc5 42. bxc5 Nf3+ 43. Kh1 dxc5 44. Qxf5 1-0

[Event "7° Rencontres Internationales des Echecs Francophones"]
[Site "PARIS, France"]
[Date "2019.08.10"]
[Round "5.6"]
[White "Sochacki, Wojtek"]
[Black "Prie, Eric"]
[Result "1-0"]
[TimeControl "90'+30' + 30seconds/move"]
[WhiteElo "2303"]
[BlackElo "2439"]

1. e4 d5 2. exd5 Qxd5 3.
Nc3 Qa5 4. Bc4 Nf6 5. d3 Bg4 6. Nge2 e6 7. Bd2 Qb6 8. h3 Bf5 9. Be3 Qd6 10. O-O Nc6 11. Bf4 Qd7 12. Re1 Bd6 13.
Bxd6 cxd6 14. Ng3 Bg6 15.
Nce4 d5 16. Nxf6+ gxf6 17. Bb5 O-O-O 18. h4 h5 19. Qf3 Qe7 20. Bxc6 bxc6 21. Qf4 e5 22. Qa4 Kb7 23. b4 f5 24. b5 cxb5 25. Qxb5+ Ka8 26.
Rab1 Qd7 27. Rxe5 Qxb5 28. Rxb5 Rc8 29. Rb2 Rb8 30. Rxb8+ Rxb8 31. Rxd5 Rb2 32. c4 Rxa2 33. f4 Kb7 34. Kf1 a5 35. Ne2 a4 36.
Nc3 Ra3 37. Rb5+ Kc6 38. Nd5 Rb3 39.
Ra5 a3 40. Ke2 f6 41. Ke3 Kb7 42. Kd4 Be8 43. Nc3 Kb6 44. Rxf5 Rb2 45. Rxf6+ Bc6 46. Nd5+ Kb7 47. Rf7+ Ka6 48.
Nc3 a2 49. Nxa2 Rxa2 50. Kc5 Bxg2 51.
d4 Rc2 52. Rf6+ Kb7 53. Rb6+ Kc7 54. d5 Bf1 55. Rb4 Be2 56.
Kd4 Bf1 57. c5 Rd2+ 58. Ke5 Re2+ 59. Re4 Rc2 60. c6 Bg2 61.
Rd4 Rc5 62. Ke6 Kd8 63. f5 Bh3 64.
Kd6 Rc1 65. Ra4 Bxf5 66. Rf4 Bg6 67. Rf8+ Be8 68. c7+ 1-0

[Event "7° Rencontres Internationales des Echecs Francophones"]
[Site "PARIS, France"]
[Date "2019.08.10"]
[Round "5.9"]
[White "Le Quang, Kim"]
[Black "Le Roux, Jean-Pierre"]
[Result "0-1"]
[TimeControl "90'+30' + 30seconds/move"]
[WhiteElo "2150"]
[BlackElo "2535"]

1. c4 g6 2. g3 Bg7 3.
Bg2 c5 4. Nc3 Nc6 5. a3 e6 6. b4 Nge7 7. Rb1 O-O 8. Nf3 d6 9. O-O Rb8 10. e3 Nf5 11. Qe2 Re8 12. Rd1 b6 13. b5 Na5 14. Bb2 d5 15. d3 Bb7 16.
Na4 Bxb2 17. Nxb2 Qf6 18. e4 Nd4 19. Nxd4 Qxd4 20. e5 Rbd8 21. Qe3 Qc3 22. d4 cxd4 23. Qxd4 Qxa3 24. cxd5 Bxd5 25.
Qh4 Qe7 26. Qxe7 Rxe7 27. Nd3 Red7 28. Nb4 Bxg2 29. Rxd7 Rxd7 30. Kxg2 Rc7 31. Rd1 Rc5 32. Nc6 Nxc6 33. bxc6 Rxc6 34. Rd7 a5 35. Ra7 Rc5 36. Ra6 Rxe5 37. Rxb6 Rc5 38. Ra6 g5 39.
Kf3 Kg7 40. Ke4 h6 41. h3 Kf6 42. f4 Rc4+ 43. Kf3 gxf4 44. gxf4 Rc5 45. Kg4 h5+ 46. Kh4 Kf5 47. Ra7 f6 48. Kxh5 e5 49. fxe5 fxe5 50. Rf7+ Ke4 51. Kg5 Kd3 52. h4 e4+ 53. Kf4 e3 54. Rd7+ Ke2 55. Re7 Rc4+ 56. Kg5 Kd3 57.
h5 e2 58. h6 Rc8 59. Kg6 a4 60. h7 a3 61.
Rc7 Re8 62. Re7 Rxe7 63. h8=Q e1=Q 64. Qd8+ Kc4 65. Qc8+ Kd5 66. Qa8+ Kc5 67. Qxa3+ Qb4 68. Qc1+ Kb6 69. Qg1+ Qc5 70. Qb1+ Kc7 0-1

[Event "7° Rencontres Internationales des Echecs Francophones"]
[Site "PARIS, France"]
[Date "2019.08.10"]
[Round "5.3"]
[White "Sochacki, Christophe"]
[Black "Ider, Borya"]
[Result "0-1"]
[TimeControl "90'+30' + 30seconds/move"]
[WhiteElo "2443"]
[BlackElo "2492"]

1. b3 e6 2. Bb2 a5 3. c4 a4 4. bxa4 c6 5. Nf3 d5 6.
e3 Nd7 7. Nc3 Ngf6 8. Be2 Bd6 9. d4 O-O 10. O-O Bb4 11. c5 Qe7 12. Qc2 Ba5 13. Bd3 h6 14. Rab1 b6 15. cxb6 Nxb6 16. Ne5 Bb7 17. Qb3 Rfb8 18. Ba3 Qd8 19. Bc5 Nfd7 20.
Bd6 Rc8 21. Rfc1 Ba6 22. Ne2 Nxe5 23. Bxa6 Rxa6 24. Bxe5 Nc4 25. Qb7 Raa8 26. Nf4 Bd2 27. Nxe6 Qh4 28. Nxg7 Nxe5 29. Nf5 Nf3+ 30. Kf1 Nxh2+ 31. Kg1 Nf3+ 32. gxf3 Qg5+ 33. Ng3 Bxe3 34. fxe3 Qxg3+ 35. Kh1 Qxf3+ 36. Kh2 Qh5+ 37. Kg3 Re8 38. Rg1 Kh8 39. Kf2 Qf5+ 40. Ke2 Rxa4 41. Rb2 Rxd4 42. Qb3 Rde4 43. Rg3 d4 44. Kd3 Rxe3+ 45. Kxd4 0-1

[Event "7° Rencontres Internationales des Echecs Francophones"]
[Site "PARIS, France"]
[Date "2019.08.10"]
[Round "5.7"]
[White "Ternault, Mathieu"]
[Black "Aloma Vidal, Robert"]
[Result "0-1"]
[TimeControl "90'+30' + 30seconds/move"]
[WhiteElo "2158"]
[BlackElo "2417"]

1. b3 e5 2. Bb2 Nc6 3. e3 Nf6 4. Bb5 Bd6 5. Na3 a6 6. Bxc6 dxc6 7. Nc4 Qe7 8. Ne2 Bd7 9. O-O O-O-O 10. f4 e4 11. Qe1 h5 12. Qh4 Bc5 13. Rad1 Bg4 14.
Rfe1 Rhg8 15. Qg5 Ba7 16. h3 Be6 17. Nd4 Bxc4 18. bxc4 Qb4 19. Bc3 Qxc4 20. Rb1 Bxd4 21. Rb4 Bxe3+ 22. Rxe3 Qd5 23. Rd4 Qxg5 24. Rxd8+ Kxd8 25. fxg5 Nd5 26.
Rxe4 Nxc3 27. dxc3 Re8 28. Rd4+ Kc8 29. Kf2 Re5 30. h4 c5 31. Rf4 Re7 32. Kf3 Kd7 33. g4 hxg4+ 34. Kxg4 g6 35. h5 gxh5+ 36. Kxh5 Ke8 37. Rf5 b6 38. Rf2 Re3 39. Kh6 Re6+ 40. Kh5 Ke7 41. a4 Re4 42. Kh6 Re6+ 43. Kh5 Kf8 44. Rd2 Kg7 45. Rd7 Re3 46. Rxc7 Rh3+ 47. Kg4 Rxc3 48. Rc6 Rxc2 49. Rxb6 Rc4+ 50. Kf5 Rxa4 51. g6 c4 52. gxf7 Kxf7 53. Rb7+ Ke8 54. Ke6 Kd8 55. Kd6 Kc8 56. Rc7+ Kb8 57. Kd7 Rb4 58. Rc6 Kb7 59. Rc7+ Kb6 60. Kd6 a5 61. Rc8 Kb7 62. Rc5 Ra4 63. Rb5+ Ka6 64. Kc6 Rb4 65. Rh5 c3 66. Rh8 Rc4 67. Kd5 c2 68. Rh6+ Kb5 69. Kd4 0-1

[Event "7° Rencontres Internationales des Echecs Francophones"]
[Site "PARIS, France"]
[Date "2019.08.10"]
[Round "5.4"]
[White "Moussard, Jules"]
[Black "Guillemart, Serge"]
[Result "1-0"]
[TimeControl "90'+30' + 30seconds/move"]
[WhiteElo "2613"]
[BlackElo "1953"]

1. g3 g6 2. Bg2 Bg7 3.
e4 c5 4.
d3 Nc6 5. f4 d6 6. Nf3 e6 7. O-O Nge7 8. c3 O-O 9. Be3 b6 10. Nbd2 Bb7 11. Qe2 d5 12. e5 f6 13. exf6 Bxf6 14.
Bf2 Qd6 15. Rae1 Bc8 16. Ng5 Bxg5 1-0

[Event "7° Rencontres Internationales des Echecs Francophones"]
[Site "PARIS, France"]
[Date "2019.08.10"]
[Round "5.5"]
[White "Onkoud, Abdelaziz"]
[Black "Sebag, Marie"]
[Result "0-1"]
[TimeControl "90'+30' + 30seconds/move"]
[WhiteElo "2305"]
[BlackElo "2494"]

1. c4 e5 2. Nc3 Nf6 3. e3 Nc6 4. a3 g6 5. b4 Bg7 6. Bb2 O-O 7. d3 d5 8. cxd5 Nxd5 9. Rc1 Re8 10. Nge2 Be6 11. Nxd5 Qxd5 12. Nc3 Qd7 13.
Be2 a5 14. b5 Ne7 15. O-O f5 16. Qc2 Rac8 17. Rfd1 b6 18. d4 e4 19. d5 Bf7 20. Bc4 Qd6 21. Qb3 Be5 22. h3 Red8 23.
a4 Qf6 24. Rc2 g5 25. Rcd2 h5 26. d6 cxd6 27. Bxf7+ Qxf7 28. Nd5 Nxd5 29. Rxd5 Re8 30. Bc1 0-1

[Event "7° Rencontres Internationales des Echecs Francophones"]
[Site "PARIS, France"]
[Date "2019.08.10"]
[Round "5.10"]
[White "David, Alberto"]
[Black "Daurelle, Herve"]
[Result "1-0"]
[TimeControl "90'+30' + 30seconds/move"]
[WhiteElo "2554"]
[BlackElo "2179"]

1. e4 e5 2. Nf3 Nc6 3.
Bb5 a6 4. Ba4 Nf6 5. d3 b5 6. Bb3 Be7 7. O-O d6 8. c3 Na5 9. Bc2 c5 10. Re1 O-O 11. Nbd2 Nd7 12. Nf1 Nc6 13. Ng3 g6 14. Bh6 Re8 15. Qd2 Bf6 16. h3 Nf8 17. Nh2 Ne6 18. Ng4 Bg5 19. Bxg5 Nxg5 20. f4 Bxg4 21. fxg5 Be6 22.
Rf1 c4 23. dxc4 Bxc4 24. Rf6 Re6 25. b3 Rxf6 26. gxf6 Be6 27. Nh5 Kh8 28. Qh6 Qf8 29. Ng7 Ne7 30. Qd2 Ng8 31. Nxe6 fxe6 32. f7 Nh6 33. Qg5 Nxf7 34.
Qf6+ Kg8 35. Qxe6 Qe8 36. Qd5 Rc8 37. b4 Kg7 38.
Bb3 Ng5 39. Rf1 Rc7 1-0

[Event "7° Rencontres Internationales des Echecs Francophones"]
[Site "PARIS, France"]
[Date "2019.08.10"]
[Round "5.1"]
[White "Chabanon, Jean-Luc"]
[Black "Gurevich, Mikhail"]
[Result "0-1"]
[TimeControl "90'+30' + 30seconds/move"]
[WhiteElo "2448"]
[BlackElo "2559"]

1. d4 d6 2. e4 Nf6 3. Nc3 g6 4. Nf3 Bg7 5. Be2 O-O 6.
O-O Nc6 7. d5 Nb8 8. Bg5 c6 9. Qd2 b6 10. Rfe1 Bb7 11. Bf1 a6 12. Rad1 Nbd7 13. dxc6 Bxc6 14. Nd5 b5 15. c3 Rc8 16.
Nxf6+ Nxf6 17. Bxf6 Bxf6 18. e5 dxe5 19. Nxe5 Qxd2 20. Rxd2 Bg5 21. Rd4 Ba8 22. f4 Bf6 23. a4 bxa4 24.
Rxa4 Rfd8 25. Bxa6 Rb8 26. b4 g5 27. fxg5 Bxg5 28. Nf3 Bxf3 29. gxf3 Bd2 30. Re2 Bxc3 31. b5 e6 32. Rg4+ Kf8 33. Kg2 Ke7 34. Rc2 Ba5 35.
Rgc4 Rd1 36. Rc8 Rxc8 37. Rxc8 Rd2+ 38. Kg3 Rb2 39. h4 Be1+ 40. Kh3 Rb4 41. Rc7+ Kf6 42. h5 Bf2 43. Kg2 Bd4 44. Rc6 h6 45.
f4 Be3 46. Kf3 Bxf4 47. b6 Be5 48.
b7 Kg5 49. Rc4 Rb3+ 50. Ke4 Bd6 51. Rc6 Rb4+ 52. Kd3 Be5 53. Rc5 Kf5 54. Rb5 Rxb5 55. Bxb5 Kg5 56. Be8 f5 57. Bd7 Kf6 58. Ke3 Bb8 59. Kf3 e5 60. Bc6 Ke6 61. Ke3 Ba7+ 62. Kd3 Kf6 63. Bd5 Kg5 64. Ke2 e4 65. Be6 Kf4 66. Kf1 Ke5 67. Bd7 f4 68. Bc6 f3 69. Ke1 Kf4 70.
Kf1 e3 71. Ke1 Bb8 72. Bb5 Kg3 73.
Kf1 Bc7 74. Bc4 Kf4 75. Bb5 Ke5 76. Bc6 Kf4 77. Bb5 Kg3 78. Bc4 Kg4 79. Bd3 Kxh5 0-1



[ePGN "0.1;DGT LiveChess/2.2.4"]

[Event "7° Rencontres Internationales des Echecs Francophones"]
[Site "PARIS, France"]
[Date "2019.08.10"]
[Round "6.1"]
[White "Gurevich, Mikhail"]
[Black "Hamdouchi, Hicham"]
[Result "1-0"]
[TimeControl "90'+30' + 30seconds/move"]
[WhiteElo "2559"]
[BlackElo "2514"]

1. c4 g6 2. Nc3 Bg7 3.
g3 c5 4. Bg2 Nc6 5. a3 d6 6.
Rb1 e6 7. b4 Nge7 8. e3 O-O 9. Nge2 Rb8 10. O-O b6 11. d3 Bb7 12. e4 Qd7 13. Qa4 Rfd8 14. Rd1 Nd4 15. Qxd7 Nxe2+ 16. Nxe2 Rxd7 17. Be3 Rc8 18. Rd2 Nc6 19. f4 f5 20. exf5 gxf5 21. h3 Kf7 22. g4 Nd4 23. Bxd4 cxd4 24.
Bxb7 Rxb7 25. gxf5 exf5 26. Ng3 Kf6 27. Re1 Bh6 28. Rf2 b5 29. cxb5 Rxb5 30. h4 Rb6 31. Rfe2 d5 32. Re5 Rc3 33. Rxf5+ Kg6 34. h5+ Kg7 35. Re7+ Kg8 36. Re8+ Kg7 37. Rff8 Rf6 38. Nf5+ Rxf5 39. Rxf5 Rxd3 40. Kg2 Rxa3 41. Re7+ Kg8 42. Rxd5 1-0

[Event "7° Rencontres Internationales des Echecs Francophones"]
[Site "PARIS, France"]
[Date "2019.08.10"]
[Round "6.5"]
[White "Le Goff, Ronan"]
[Black "David, Alberto"]
[Result "0-1"]
[TimeControl "90'+30' + 30seconds/move"]
[WhiteElo "2309"]
[BlackElo "2554"]

1. d4 Nf6 2. Bf4 b6 3. Nc3 Bb7 4.
f3 Nh5 5. Bg5 h6 6. Bc1 e5 7. Be3 Bb4 8. dxe5 Qe7 9. g4 Nf6 10. Bd4 Nxg4 11. fxg4 Bxh1 12. Qd3 Nc6 13. a3 Bc5 14. Bxc5 Qxc5 15. O-O-O Nxe5 16. Qf5 O-O 17.
Nh3 Nc4 18. Qxd7 Rad8 19. Qxd8 Rxd8 20. Rxd8+ Kh7 21. Rd3 Ne3 22. Nf2 Nxf1 23. Nxh1 Qg1 24. Ng3 Nxg3+ 0-1